 Dungeon Crawl Stone Soup version 0.32-a0-19-g28bc083 (webtiles) character file.

Game seed: 12597409506694498293

114 danspanner the Conjurer (level 4, -7/27 HPs)
             Began as an Octopode Conjurer on Jan 17, 2024.
             Killed from afar by Ijyb (15 damage)
             ... with an iceblast
             ... on level 3 of the Dungeon.
             The game lasted 00:07:54 (2551 turns).

danspanner the Conjurer (Octopode Conjurer)         Turns: 2551, Time: 00:07:54

Health: -7/27      AC:  1    Str:  6    XL:     4   Next: 98%
Magic:  1/8        EV: 13    Int: 22    God:
Gold:   132        SH:  0    Dex: 10    Spells: 1/8 levels left

rFire   . . .        g - +0 short sword (protect)
rCold   . . .        (no shield)
rNeg    . . .        (helmet restricted)
rPois   .            (no amulet)
rElec   .            (no ring)
rCorr   .            (no ring)
SInv    .            (no ring)
Will    .....        (no ring)
Stlth   +++          (no ring)
HPRegen 0.24/turn    (no ring)
MPRegen 0.11/turn    (no ring)
                     (no ring)

%: no passive effects
@: no status effects
A: almost no armour, amphibious, 8 rings, camouflage 1, gelatinous body 1,
(nimble swimmer 1), tentacles
a: no special abilities


You were on level 3 of the Dungeon.
You visited 1 branch of the dungeon, and saw 3 of its levels.

You collected 132 gold pieces.

Inventory:

Hand Weapons
 g - a +0 short sword of protection (weapon)
Scrolls
 c - a scroll of brand weapon {unknown}
 d - a scroll of enchant armour
 e - 2 scrolls of teleportation
 f - 2 scrolls of noise {unknown}
 j - 2 scrolls of blinking {unknown}
 k - a scroll of torment {unknown}
Potions
 a - a potion of magic
 b - a potion of lignification
 h - a potion of curing {unknown}
 i - a potion of mutation {unknown}


   Skills:
 + Level 3.0 Dodging
 + Level 4.2 Stealth
 + Level 2.8 Spellcasting
 + Level 4.6 Conjurations
 + Level 0.2 Alchemy


You had one spell level left.
You knew the following spells:

 Your Spells              Type           Power      Damage    Failure   Level
a - Magic Dart            Conj           92%        1d7       1%          1
b - Searing Ray           Conj           46%        2d6       3%          2
c - Fulminant Prism       Conj/Alch      6%         3d7       43%         4

Your spell library contained the following spells:

 Spells                   Type           Power      Damage    Failure   Level
 Sting                    Conj/Alch      52%        1d6       4%          1
 Apportation              Tloc           6%         N/A       13%         1
 Freeze                   Ice            12%        1d3       13%         1
 Necrotise                Necr           12%        1d4       13%         1
 Summon Small Mammal      Summ           12%        N/A       13%         1
 Hailstorm                Conj/Ice       13%        3d6       14%         3
 Call Canine Familiar     Summ           3%         N/A       36%         3
 Frozen Ramparts          Ice            6%         1d1       36%         3
 Iskenderun's Mystic Bla  Conj/Tloc      13%        2d5       43%         4
 Summon Blazeheart Golem  Fire/Summ      3%         N/A       77%         4


Dungeon Overview and Level Annotations

Branches:
Dungeon (3/15)

Altars:
Gozag
Makhleb
Nemelex Xobeh
Ru
Wu Jian
Xom

Annotations:
D:3 Ijyb, Robin


Innate Abilities, Weirdness & Mutations

You cannot wear most types of armour.
You are amphibious.
You can wear up to eight rings at the same time.
Your skin changes colour to match your surroundings (Stealth+).
Your rubbery body absorbs attacks. (AC +1, EV +1)
((You are camouflaged when in or above water. (Stealth+)))
You have tentacles for arms and can constrict up to eight enemies at once.


Message History

The searing ray hits the goblin!
You kill the goblin!
Robin says, "Feeling lonely?"
Robin roars a battlecry!
The goblins go into a battle-frenzy!
Your Dodging skill increases to level 3!
The searing ray hits the goblin!
You kill the goblin!
The searing ray hits the goblin.
The goblin is heavily wounded.
The searing ray misses the goblin.
Robin throws the goblin at you!
The searing ray hits the goblin!
You kill the goblin!
You finish channelling your searing ray.
The goblin misses you.
Casting: Searing Ray (safe; 3% risk of failure)
Confirm with . or Enter, or press ? or * to list all spells.
Aiming: Searing Ray (safe; 3% risk of failure)
Press: ? - help, Shift-Dir - straight line, f - goblin
Aim: a goblin, wielding a +0 dagger (strong, 72% to hit)
The searing ray hits the goblin.
The goblin is almost dead. (Press . to maintain the ray.)
The goblin barely misses you. Ijyb screams, "Me stronger than you!"
Ijyb zaps a wand.
The mass of ice explodes!
The iceblast engulfs the goblin!!
The goblin dies!
The iceblast engulfs you! Robin throws Ijyb at you!
You hear a shout!
Casting: Searing Ray (safe; 3% risk of failure)
Confirm with . or Enter, or press ? or * to list all spells.
You don't have enough magic to cast this spell.
Unknown command.
Unknown command.
Ijyb hits you with a +2 dagger of holy wrath.
The goblin attacks as it pursues you! The goblin hits you with a +0 dagger.
* * * LOW HITPOINT WARNING * * *
Ijyb zaps a wand.
The mass of ice explodes!
The iceblast engulfs you!
Ouch! That really hurt!
You die...

..................#
..#####...........#
..................#
....#.#...........#
......#...........#
#.................#
...####.###..######
...####.# ##.....# .
.....##.# ######@# J..
..##.##.###<####.###.....
................gg))g)...
###########.####.#####...
# #....#)# #......#
.###..†...##
............#
..##........##


You could see Ijyb (strong) and a goblin (strong).

Vanquished Creatures
  Jessica (D:2)
  A gnoll (D:1)
  An adder (D:2)
  2 ribbon worms
  A dart slug (D:1)
  An orc (D:3)
  5 endoplasms
  2 giant cockroaches (D:1)
  12 goblins
  5 hobgoblins
  A quokka (D:1)
  6 ball pythons
  7 bats
  3 frilled lizards (D:2)
  6 kobolds
  7 rats
61 creatures vanquished.

Vanquished Creatures (others)
  A goblin (D:3)
1 creature vanquished.

Grand Total: 62 creatures vanquished

Notes
Turn   | Place    | Note
-------+----------+-------------------------------------------
     0 | D:1      | danspanner the Octopode Conjurer began the quest for the
                  | Orb.
     0 | D:1      | Reached XP level 1. HP: 11/11 MP: 3/3
   124 | D:1      | Reached XP level 2. HP: 17/17 MP: 0/5
   208 | D:1      | Learned a level 2 spell: Searing Ray
   555 | D:1      | Reached XP level 3. HP: 21/21 MP: 4/6
  1900 | D:2      | Noticed Jessica
  1903 | D:2      | Killed Jessica
  1904 | D:2      | Reached XP level 4. HP: 27/27 MP: 7/7
  2319 | D:3      | Found a shimmering altar of Xom.
  2319 | D:3      | Found an opulent altar of Gozag.
  2320 | D:3      | Found a sacrificial altar of Ru.
  2320 | D:3      | Found a burning altar of Makhleb.
  2320 | D:3      | Found a sparkling altar of Nemelex Xobeh.
  2320 | D:3      | Found an ornate altar of the Wu Jian Council.
  2444 | D:3      | Learned a level 4 spell: Fulminant Prism
  2544 | D:3      | Noticed Ijyb
  2546 | D:3      | Noticed Robin
  2551 | D:3      | Killed from afar by Ijyb

Illustrated notes

Levels and vault maps discovered:
D:1:      amcnicky_arrival_flooded_fountain, layout_basic
D:2:      layout_basic, uniq_jessica
D:3:      layout_basic, grunt_temple_overflow_open, nicolae_wormholes,
          uniq_robin, uniq_ijyb

Skill      XL: |  1  2  3  4 |
---------------+-------------+-----
Stealth        | 3 4 |  4.2
Dodging        | 3 |  3.0
Spellcasting   | |  2.8
Conjurations   | |  4.6
Alchemy        | |  0.2

Action                     |  1- 3 |  4- 6 || total
---------------------------+-------+-------++-------
  Melee: Short sword       |    36 |     6 ||    42
         Constrict         |     8 |       ||     8
         Tentacles         |     9 |     1 ||    10
   Cast: Magic Dart        |    43 |     1 ||    44
         Searing Ray       |     3 |    12 ||    15
    Use: Scroll            |     6 |       ||     6
   Stab: Sleeping          |     9 |     2 ||    11
 Armour: Skin              |    10 |     7 ||    17
  Dodge: Dodged            |    15 |     6 ||    21

Table legend: (Time is in decaauts)
 A = Elapsed time spent in this place.
 B = Non-inter-level travel time spent in this place.
 C = Inter-level travel time spent in this place.
 D = Time resting spent in this place.
 E = Time spent auto-exploring this place.
 F = Levels seen in this place.
 G = Mean time per level.
                   A        B        C        D        E       F      G
               +--------+--------+--------+--------+--------+-----+--------+
         Total |   2549 |   2493 |     56 |     19 |   2118 |   3 |  849.7 |
       Dungeon |   2549 |   2493 |     56 |     19 |   2118 |   3 |  849.7 |
               +--------+--------+--------+--------+--------+-----+--------+

Top non-repeatable levels by time:
     D:2: 1170 daAuts
     D:1: 1147 daAuts
     D:3: 231 daAuts
